 Dungeon Crawl Stone Soup version 0.29.0-4-gdea44cf6ec (webtiles) character file.

Game seed: 13953463693758334882

17 qw the Chopper (level 2, 0/17 HPs)
             Began as a Tengu Warper on Aug 28, 2022.
             Slain by a hobgoblin (4 damage)
             ... on level 1 of the Dungeon.
             The game lasted 00:00:02 (466 turns).

qw the Chopper (Tengu Warper)                        Turns: 466, Time: 00:00:03

Health: 0/17       AC:  3    Str: 11    XL:     2   Next: 62%
Magic:  6/6        EV: 11    Int: 13    God:
Gold:   40         SH:  0    Dex: 13    Spells: 5/5 levels left

rFire   . . .      SeeInvis .   a - +0 hand axe
rCold   . . .      Faith    .   (no shield)
rNeg    . . .      Spirit   .   b - +0 leather armour
rPois   .          Reflect  .   (helmet restricted)
rElec   .          Harm     .   (no cloak)
rCorr   .          Rampage  .   (no gloves)
Will    .....                   (boots unavailable)
Stlth   +.........              (no amulet)
HPRegen 0.05/turn               (no ring)
MPRegen 0.10/turn               (no ring)

@: no status effects
A: beak, talons 3
a: no special abilities


You were on level 1 of the Dungeon.
You visited 1 branch of the dungeon, and saw 1 of its levels.

You collected 40 gold pieces.


Innate Abilities, Weirdness & Mutations

You have a beak for a mouth.
You have claws for feet.


   Skills:
 - Level 2.0 Fighting
 + Level 3.4 Axes
 - Level 1.0 Throwing
 - Level 1.1 Armour
 - Level 2.1 Dodging
 - Level 2.0 Spellcasting
 - Level 2.4 Translocations


You had 5 spell levels left.
You didn't know any spells.
Your spell library contained the following spells:

 Spells                   Type           Power      Damage    Failure   Level
 Blink                    Tloc           14%        N/A       19%         2
 Gell's Gravitas          Tloc           7%         N/A       36%         3
 Lesser Beckoning         Tloc           7%         N/A       36%         3
 Teleport Other           Tloc           7%         N/A       36%         3
 Manifold Assault         Tloc           7%         N/A       98%         5

Inventory:

Hand Weapons
 a - a +0 hand axe (weapon)
 h - a +0 mace
Armour
 b - a +0 leather armour (worn)
Jewellery
 d - a +6 ring of strength
 g - an amulet of reflection
Scrolls
 c - a scroll of blinking
 i - a scroll of enchant weapon {unknown}
Potions
 e - a potion of attraction {unknown}
 f - a potion of mutation {unknown}

Dungeon Overview and Level Annotations

Branches:
Dungeon (1/15)

Altars:


Message History

You kill the rat!
You start resting.
HP restored.
Found a sling.
You see here a +0 sling.
e - a fuming clear potion
Found a dagger.
A quokka comes into view.
You barely miss the quokka. Your kick misses the quokka. You peck the quokka.
You kill the quokka!
A hobgoblin comes into view.
The hobgoblin shouts!
You hear an angry hiss.
You hear a shout!
A ball python comes into view.
Enter note: A hobgoblin comes into view.
A giant cockroach comes into view.
You hit the ball python but do no damage.
Your kick misses the ball python. You hit the hobgoblin.
The ball python barely misses you. The ball python misses you.
The hobgoblin closely misses you. The ball python bites you.
The ball python barely misses you.
You closely miss the hobgoblin.
The hobgoblin is moderately wounded.
You hit the ball python but do no damage.
The hobgoblin hits you. The ball python bites you.
The ball python closely misses you. The hobgoblin closely misses you.
The hobgoblin barely misses you.
You barely miss the hobgoblin.
You claw the hobgoblin, but do no damage.
You peck the hobgoblin, but do no damage.
The hobgoblin is moderately wounded.
You hit the hobgoblin but do no damage. You hit the ball python.
The ball python bites you. The ball python barely misses you.
The hobgoblin barely misses you. The hobgoblin hits you.
You barely miss the ball python. Your kick misses the ball python.
The ball python is moderately wounded.
You hit the hobgoblin. You hit the hobgoblin but do no damage.
The ball python closely misses you. x2; The hobgoblin barely misses you.
The hobgoblin hits you.
You die...

........'.....<...#.
...........'.........#.
#..........##........##
.#..7.7.7.7..#.........#
.............#######.8.#
#.................#...#
##.................#####
......g.................
.....BS@................
......g#########.....#..
....... ........###..#..
....... .....)..........
....... ........######..
....... ........# ###
....... ........#
.....#. ........#
........#


You could see a giant cockroach, 2 hobgoblins and a ball python.

Vanquished Creatures
  3 endoplasms (D:1)
  3 goblins (D:1)
  2 hobgoblins (D:1)
  A quokka (D:1)
  2 bats (D:1)
  A kobold (D:1)
  3 rats (D:1)
15 creatures vanquished.

Notes
Turn   | Place    | Note
-------+----------+-------------------------------------------
     0 | D:1      | qw the Tengu Warper began the quest for the Orb.
     0 | D:1      | Reached XP level 1. HP: 12/12 MP: 4/4
     0 | D:1      | 0 ||| qw: Version: 0.1-a-89-g26bdef1
     0 | D:1      | 0 ||| qw: Game counter: 2320
     0 | D:1      | 0 ||| qw: Always use a shield: true
     0 | D:1      | 0 ||| qw: God list: Okawaru
     0 | D:1      | 0 ||| qw: Allow faded altars: false
     0 | D:1      | 0 ||| qw: Do Orc after D:15 true
     0 | D:1      | 0 ||| qw: Do second Lair branch before Depths: true
     0 | D:1      | 0 ||| qw: Lair rune preference: random
     0 | D:1      | 0 ||| qw: Plans: Normal
     0 | D:1      | 0 ||| PLANNING D:1-11
    43 | D:1      | HP: 3/12 [bat (1)]
    44 | D:1      | Reached XP level 2. HP: 5/17 MP: 6/6
    45 | D:1      | Reached skill level 3 in Axes
    48 | D:1      | 48 ||| Stepping ~*~*~tactically~*~*~ (stealth).
    67 | D:1      | 67 ||| Stepping ~*~*~tactically~*~*~ (stealth).
    68 | D:1      | 68 ||| Stepping ~*~*~tactically~*~*~ (stealth).
    69 | D:1      | 69 ||| Stepping ~*~*~tactically~*~*~ (stealth).
    71 | D:1      | 71 ||| Stepping ~*~*~tactically~*~*~ (stealth).
    72 | D:1      | 72 ||| Stepping ~*~*~tactically~*~*~ (stealth).
    79 | D:1      | 79 ||| Stepping ~*~*~tactically~*~*~ (stealth).
   288 | D:1      | 288 ||| DROPPING +0 club.
   291 | D:1      | 291 ||| Stepping ~*~*~tactically~*~*~ (stealth).
   465 | D:1      | HP: 4/17 [hobgoblin (3)]
   466 | D:1      | Slain by a hobgoblin

Levels and vault maps discovered:
D:1:      wander_arrival_estate, layout_rooms, minmay_tromino_mix6

Skill      XL: |  1  2 |
---------------+-------+-----
Axes           | 3 |  3.4
Fighting       | |  2.0
Throwing       | |  1.0
Armour         | |  1.1
Dodging        | |  2.1
Spellcasting   | |  2.0
Translocations | |  2.4

Action                   || total
-------------------------++-------
Melee: Hand axe          ||    29
       Peck              ||     7
       Kick              ||     5
Throw: Boomerang         ||     7
 Stab: Distracted        ||     1
Armor: Leather armour    ||     4
Dodge: Dodged            ||    23

Table legend:
 A = Non-vault XP
 B = Vault XP
 C = Vault XP percentage of total XP
 D = Non-vault monster count
 E = Vault monster count
 F = Vault count percentage of total count
                 A         B        C        D         E       F
            +---------+---------+-------+---------+---------+-------
      Total |      18 |       7 |  28.0 |      11 |       4 |  26.7
            +---------+---------+-------+---------+---------+-------
        D:1 |      18 |       7 |  28.0 |      11 |       4 |  26.7
            +---------+---------+-------+---------+---------+-------
